 Dungeon Crawl Stone Soup version 0.30.1-11-g7821555f0a (webtiles) character file.

Game seed: 7664963226124905488

41 ChrisAssaf the Grave Robber (level 3, 0/27 HPs)
             Began as a Hill Orc Necromancer on Dec 15, 2023.
             Slain by a phantom (7 damage)
             ... on level 3 of the Dungeon.
             The game lasted 00:04:06 (869 turns).

ChrisAssaf the Grave Robber (Hill Orc Necromancer)   Turns: 869, Time: 00:04:07

Health: 0/27       AC:  2    Str: 10    XL:     3   Next: 52%
Magic:  5/5        EV: 12    Int: 17    God:
Gold:   42         SH:  0    Dex: 11    Spells: 1/5 levels left

rFire   . . .        d - +0 long sword
rCold   . . .        (no shield)
rNeg    . . .        a - +0 robe
rPois   .            (no helmet)
rElec   .            (no cloak)
rCorr   .            (no gloves)
SInv    .            (no boots)
Will    .....        (no amulet)
Stlth   ++           (no ring)
HPRegen 0.24/turn    (no ring)
MPRegen 0.09/turn

%: no passive effects
@: invisible
A: no striking features
a: no special abilities


You were on level 3 of the Dungeon.
You visited 1 branch of the dungeon, and saw 3 of its levels.

You collected 42 gold pieces.

Inventory:

Hand Weapons
 d - a +0 long sword (weapon)
Armour
 a - a +0 robe (worn)


   Skills:
 * Level 0.4 Fighting
 * Level 0.1 Long Blades
 * Level 0.7 Armour
 * Level 1.7 Dodging
 * Level 1.8 Stealth
 * Level 1.9 Spellcasting
 * Level 4.5 Necromancy


You had one spell level left.
You knew the following spells:

 Your Spells              Type           Power      Damage    Failure   Level
a - Necrotise             Necr           68%        1d7       3%          1
b - Vampiric Draining     Necr           17%        2d7       9%          3

Your spell library contained the following spells:

 Spells                   Type           Power      Damage    Failure   Level
 Animate Dead             Necr           17%        N/A       30%         4
 Gell's Gravitas          Tloc           1%         N/A       52%         3
 Teleport Other           Tloc           1%         N/A       52%         3
 Agony                    Necr           17%        N/A       63%         5
 Dispersal                Tloc           0%         N/A       100%        6


Dungeon Overview and Level Annotations

Branches:
Dungeon (3/15)

Altars:
Elyvilon


Message History

You hit the phantom.
The phantom is heavily damaged.
The phantom barely misses you.
You hit the phantom.
The phantom is severely damaged.
The phantom misses you.
You closely miss the phantom.
The phantom is severely damaged.
The phantom hits you. The phantom closely misses you.
You catch the helpless phantom completely off-guard!
You slash the phantom!
The phantom is almost destroyed.
You flicker back into view.
The phantom hits you.
You barely miss the phantom.
The phantom is almost destroyed.
The phantom hits you.
The phantom blinks!
You blink.
The phantom hits you but does no damage.
You completely miss the phantom.
The phantom is almost destroyed.
The phantom hits you.
You closely miss the phantom.
The phantom is almost destroyed.
The phantom misses you.
You hit the phantom.
The phantom is almost destroyed.
The phantom hits you.
* * * LOW HITPOINT WARNING * * *
The phantom blinks!
You blink.
The phantom misses you.
The phantom hits you but does no damage.
Okay, then.
You fade into invisibility!
The phantom misses you.
You barely miss the phantom.
The phantom is almost destroyed.
The phantom hits you but does no damage.
You closely miss the phantom.
The phantom is almost destroyed.
The phantom closely misses you. The phantom hits you!
You die...

####### #.....#
#.###.#
#.###@#######
#####.#...W.....#
#.......##8..8###
#.###.### ....⌠#
##.###...# #..###
#.......## ....
#..####.# ..###
### #...## .# ...
....##.†..##.##
.##


You could see a phantom (unable to see you).

Vanquished Creatures
  An adder (D:2)
  A worm (D:3)
  A dart slug (D:3)
  An orc (D:3)
  3 endoplasms (D:2)
  2 goblins (D:1)
  3 hobgoblins
  A kobold (D:2)
  A quokka (D:3)
  2 ball pythons (D:2)
  3 bats
  A frilled lizard (D:3)
  A rat (D:1)
21 creatures vanquished.

Vanquished Creatures (collateral kills)
  2 endoplasms
  A goblin (D:1)
3 creatures vanquished.

Grand Total: 24 creatures vanquished

Notes
Turn   | Place    | Note
-------+----------+-------------------------------------------
     0 | D:1      | ChrisAssaf the Hill Orc Necromancer began the quest for the
                  | Orb.
     0 | D:1      | Reached XP level 1. HP: 14/14 MP: 3/3
   115 | D:1      | Reached XP level 2. HP: 20/20 MP: 2/4
   601 | D:2      | Reached XP level 3. HP: 23/27 MP: 0/5
   605 | D:2      | Learned a level 3 spell: Vampiric Draining
   763 | D:3      | Found a white marble altar of Elyvilon.
   847 | D:3      | Noticed a phantom
   869 | D:3      | Slain by a phantom

Illustrated notes

Levels and vault maps discovered:
D:1:      dpeg_arrival_boxes_within_box, layout_basic, minmay_heptomino_d4
D:2:      minmay_door_path, layout_basic, serial_shops, shop
D:3:      layout_loops_cross, minitemple, mainiacjoe_overflow_tiny_flanked,
          ebering_ecumenical_altar_ruins, minmay_misc_feat_cross, uniq_terence,
          uniq_sigmund, uniq_robin

Action                     || total
---------------------------++-------
  Melee: Long sword        ||    29
         Punch             ||     1
   Cast: Necrotise         ||    39
         Vampiric Draining ||     2
    Use: Potion            ||     3
   Stab: Invisible         ||     2
 Armour: Robe              ||    15
  Dodge: Dodged            ||    67
